 Dungeon Crawl Stone Soup version 0.30-a0-534-gdc55766716 (webtiles) character file.

Game seed: 5799866161314997682

79 xzight the Firebug (level 4, -1/25 HPs)
             Began as a Deep Elf Fire Elementalist on Dec 24, 2022.
             Killed from afar by an orc wizard (10 damage)
             ... with a magic dart
             ... on level 3 of the Dungeon.
             The game lasted 00:03:14 (2808 turns).

xzight the Firebug (Deep Elf Fire Elementalist)     Turns: 2808, Time: 00:03:14

Health: -1/25      AC:  7    Str:  5    XL:     4   Next: 16%
Magic:  6/11       EV: 12    Int: 22    God:
Gold:   101        SH:  0    Dex: 15    Spells: 7/10 levels left

rFire   . . .      SeeInvis .    f - +0 dagger
rCold   . . .      Faith    .    (no shield)
rNeg    . . .      Spirit   .    e - +0 leather armour
rPois   .          Reflect  .    (no helmet)
rElec   .          Harm     .    n - +0 cloak
rCorr   .          Rampage  .    k - +1 pair of gloves
Will    .....                    l - +0 pair of boots
Stlth   ++                       (no amulet)
HPRegen 0.24/turn                (no ring)
MPRegen 0.12/turn                (no ring)

@: no status effects
A: no striking features
a: no special abilities


You were on level 3 of the Dungeon.
You visited 1 branch of the dungeon, and saw 3 of its levels.

You collected 101 gold pieces.


   Skills:
 + Level 1.0 Fighting
 + Level 3.1 Dodging
 - Level 2.4 Stealth
 + Level 3.7 Spellcasting
 * Level 2.3 Conjurations
 * Level 3.9 Fire Magic


You had 7 spell levels left.
You knew the following spells:

 Your Spells              Type           Power      Damage    Failure   Level
a - Foxfire               Conj/Fire      68%        2x1d7     5%          1
b - Scorch                Fire           42%        2d7       6%          2

Your spell library contained the following spells:

 Spells                   Type           Power      Damage    Failure   Level
 Slow                     Hex            16%        N/A       19%         1
 Inner Flame              Hex/Fire       12%        N/A       26%         3
 Kindle Blastsparks       Fire/Tloc/Air  18%        2d11      34%         3
 Flame Wave               Conj/Fire      17%        2d7       47%         4
 Confusing Touch          Hex            4%         N/A       50%         3
 Vampiric Draining        Necr           4%         2d6       50%         3

Inventory:

Hand Weapons
 f - a +0 dagger (weapon)
Missiles
 m - 2 throwing nets {=f}
Armour
 e - a +0 leather armour (worn)
 k - a +1 pair of gloves (worn)
 l - a +0 pair of boots (worn)
 n - a +0 cloak (worn)
Scrolls
 c - a scroll of acquirement {unknown}
 g - 3 scrolls of identify {unknown}
 h - 2 scrolls of vulnerability {unknown}
 p - a scroll of brand weapon {unknown}
Potions
 a - 2 potions of attraction {unknown}
 b - a potion of magic
 d - a potion of ambrosia {unknown}
 i - a potion of curing {unknown}
 j - a potion of brilliance {unknown}
 o - a potion of flight {unknown}

Dungeon Overview and Level Annotations

Branches:
Dungeon (3/15)

Altars:

..▓ ####.###.# ...▓ #.# #.#
▓.▓.. #.# #.# ▓.▓.▓ #####.#
#.. ▓.▓.▓ ########.....# #..
▓.▓w▓# #......#.#######+#
▓.▓.######......#..........
▓.......v......#.........)
▓†▓......w@v....#.........)
▓.▓+......){o######........)
▓.▓
▓..............'.........
▓.▓
▓'..........#####......(..
▓.▓ ▓.▓..........#
#......... .▓
▓.▓'..........# #.......##
.▓(▓..........# #.......#
▓[▓.▓########.# #.......#
.▓.▓ #.# #........


You could see a worm (ally target) and an orc (ally target).


Message History

The orc hits you with a +0 club.
The orc wizard hits you with a +0 dagger.
The orc hits you with a +0 flail! The orc attacks as you move away!
The orc barely misses you. The orc attacks as you move away!
The orc hits you but does no damage.
The orc wizard hits you with a +0 dagger.
* * * LOW HITPOINT WARNING * * *
You hit the orc.
The orc is lightly wounded.
You feel less confused. The orc hits you but does no damage.
The orc wizard casts a spell.
The orc wizard flickers and vanishes!
Deactivating autopickup; reactivate with Ctrl-A.
The orc misses you.
Casting: Foxfire (safe; 5% risk of failure)
Confirm with . or Enter, or press ? or * to list all spells.
Flames lash the orc.
You kill the orc!
The orc hits you with a +0 club.
* * * LOW HITPOINT WARNING * * *
Something hits you but does no damage.
Unknown command.
Casting: Scorch (safe; 6% risk of failure)
Confirm with . or Enter, or press ? or * to list all spells.
You conjure some foxfire!
The orc closely misses you.
You hear some strange, mumbled words.
A magic dart appears from out of thin air!
The magic dart hits you!
You die...

Skill      XL: |  1  2  3 |
---------------+----------+-----
Dodging        | 3 |  3.1
Fighting       | 1 |  1.0
Conjurations   | 2 |  2.3
Stealth        | |  2.4
Spellcasting   | |  3.7
Fire Magic     | |  3.9

Action                   |  1- 3 |  4- 6 || total
-------------------------+-------+-------++-------
Melee: Unarmed           |     1 |       ||     1
       Dagger            |     4 |     4 ||     8
 Cast: Foxfire           |   117 |    16 ||   133
       Scorch            |    12 |     1 ||    13
Armor: Leather armour    |     4 |     4 ||     8
Dodge: Dodged            |     4 |     9 ||    13

Levels and vault maps discovered:
D:1:      giann_horns, layout_basic, chequers_serial_rivers_room_b
D:2:      layout_loops_ring, chequers_ecumenical_altar_grove
D:3:      layout_basic, zin_academy, uniq_sigmund

Notes
Turn   | Place    | Note
-------+----------+-------------------------------------------
     0 | D:1      | xzight the Deep Elf Fire Elementalist began the quest for
                  | the Orb.
     0 | D:1      | Reached XP level 1. HP: 10/10 MP: 6/6
   540 | D:1      | Reached XP level 2. HP: 16/16 MP: 2/8
   543 | D:1      | Learned a level 2 spell: Scorch
  1463 | D:2      | Reached XP level 3. HP: 20/20 MP: 2/9
  2053 | D:2      | Reached skill level 3 in Dodging
  2248 | D:2      | Found a faded altar of an unknown god.
  2582 | D:3      | Reached skill level 1 in Fighting
  2582 | D:3      | Reached skill level 2 in Conjurations
  2582 | D:3      | Reached XP level 4. HP: 25/25 MP: 5/11
  2791 | D:3      | Identified the +0 robe of the Storm King {rPois Stlth+}
  2808 | D:3      | Killed from afar by an orc wizard

Vanquished Creatures
  An orc priest (D:3)
  3 orcs (D:3)
  5 endoplasms
  3 giant cockroaches
  4 goblins
  5 hobgoblins
  4 kobolds
  A quokka (D:2)
  5 ball pythons
  4 bats
  3 frilled lizards
  5 rats
43 creatures vanquished.

Vanquished Creatures (others)
  207 foxfires
207 creatures vanquished.

Grand Total: 250 creatures vanquished

Table legend: (Time is in decaauts)
 A = Elapsed time spent in this place.
 B = Non-inter-level travel time spent in this place.
 C = Inter-level travel time spent in this place.
 D = Time resting spent in this place.
 E = Time spent auto-exploring this place.
 F = Levels seen in this place.
 G = Mean time per level.
                   A        B        C        D        E       F      G
               +--------+--------+--------+--------+--------+-----+--------+
         Total |   2810 |   2705 |    105 |    198 |   2169 |   3 |  936.7 |
       Dungeon |   2810 |   2705 |    105 |    198 |   2169 |   3 |  936.7 |
               +--------+--------+--------+--------+--------+-----+--------+

Top non-repeatable levels by time:
     D:1: 1293 daAuts
     D:2: 1285 daAuts
     D:3: 231 daAuts

Table legend:
 A = Non-vault XP
 B = Vault XP
 C = Vault XP percentage of total XP
 D = Non-vault monster count
 E = Vault monster count
 F = Vault count percentage of total count
                 A         B        C        D         E       F
            +---------+---------+-------+---------+---------+-------
      Total |     113 |       0 |   0.0 |      43 |       0 |   0.0
            +---------+---------+-------+---------+---------+-------
        D:1 |      29 |       0 |   0.0 |      17 |       0 |   0.0
        D:2 |      32 |       0 |   0.0 |      20 |       0 |   0.0
        D:3 |      52 |       0 |   0.0 |       6 |       0 |   0.0
            +---------+---------+-------+---------+---------+-------
